 Dungeon Crawl Stone Soup version 0.29.1-2-gbd0b4ee654 (webtiles) character file.

Game seed: 5425322637279322116

13044 qeuew the Nimble (level 12, -3/96 HPs)
             Began as a Merfolk Gladiator on Nov 9, 2022.
             Was a High Priest of Okawaru.
             Slain by a very large slime creature (35 damage)
             ... on level 11 of the Dungeon.
             The game lasted 00:14:19 (9324 turns).

qeuew the Nimble (Merfolk Gladiator)                Turns: 9324, Time: 00:14:19

Health: -3/96      AC: 11    Str: 19    XL:     12   Next: 1%
Magic:  13/13      EV: 23    Int: 16    God:    Okawaru [*****.]
Gold:   544        SH:  0    Dex: 22    Spells: 11/11 levels left

rFire   x . .      SeeInvis .   y - +6 trident of the Beginning {flame, rElec Int+4}
rCold   . . .      Faith    .   (no shield)
rNeg    . . .      Spirit   .   c - +3 ring mail
rPois   .          Reflect  .   t - +1 helmet of the Will of the Gods {Fly rF- Regen+ Int+5}
rElec   +          Harm     .   (no cloak)
rCorr   .          Rampage  .   (no gloves)
Will    .....                   (no boots)
Stlth   +.........              (no amulet)
HPRegen 1.06/turn               m - +4 ring of evasion
MPRegen 0.13/turn               u - +6 ring of dexterity

@: flying
A: (nimble swimmer 2), mertail
a: Renounce Religion, Heroism, Finesse, Duel


You were on level 11 of the Dungeon.
You worshipped Okawaru.
Okawaru was extremely pleased with you.
You visited 2 branches of the dungeon, and saw 12 of its levels.
You also visited: Sewer.

You collected 544 gold pieces.

Inventory:

Hand Weapons
 y - the +6 trident of the Beginning (weapon) {flame, rElec Int+4}
   (Okawaru gifted it to you on level 10 of the Dungeon)

   It burns those it strikes, dealing additional fire damage.
   Int:       It affects your intelligence (+4).
   rElec:     It insulates you from electricity.
Missiles
 d - 2 throwing nets (quivered)
 e - 6 javelins
Armour
 c - a +3 ring mail (worn)
 t - the +1 helmet of the Will of the Gods (worn) {Fly rF- Regen+ Int+5}
   (You found it on level 8 of the Dungeon)

   Int:       It affects your intelligence (+5).
   rF:        It makes you vulnerable to fire.
   Fly:       It grants you flight.
   Regen:     It increases your rate of health regeneration.
Jewellery
 k - a ring of protection from fire
 m - a +4 ring of evasion (left hand)
 u - a +6 ring of dexterity (right hand)
Wands
 j - a wand of digging (7)
 q - a wand of polymorph (6)
 v - a wand of quicksilver (15)
 w - a wand of flame (37)
Scrolls
 b - 5 scrolls of teleportation
 g - 2 scrolls of fear
 i - 2 scrolls of enchant armour
 l - a scroll of enchant weapon
 o - a scroll of blinking
 r - 10 scrolls of identify
 x - 2 scrolls of amnesia
Potions
 a - a potion of cancellation
 h - a potion of resistance
 n - 2 potions of curing
 p - 2 potions of haste
 s - a potion of might
 z - a potion of ambrosia
 A - 3 potions of heal wounds


   Skills:
 + Level 9.6 Fighting
 + Level 11.7 Polearms
 + Level 8.8 Throwing
 + Level 6.4 Armour
 + Level 11.7 Dodging
 + Level 1.6 Invocations


You had 11 spell levels left.
You didn't know any spells.
Your spell library contained the following spells:

 Spells                   Type           Power      Damage    Failure   Level
 Foxfire                  Conj/Fire      0%         2x1d4     38%         1
 Magic Dart               Conj           0%         1d3       38%         1
 Ensorcelled Hibernation  Hex/Ice        0%         N/A       52%         2
 Poisonous Vapours        Pois/Air       0%         N/A       52%         2
 Searing Ray              Conj           0%         2d4       52%         2
 Static Discharge         Conj/Air       0%         3-3/arc   52%         2
 Conjure Flame            Conj/Fire      0%         6-21      77%         3
 Ignite Poison            Fire/Tmut/Pois 0%         N/A       77%         3
 Inner Flame              Hex/Fire       0%         N/A       77%         3
 Spider Form              Tmut/Pois      0%         N/A       77%         3
 Anguish                  Hex/Necr       0%         N/A       99%         4
 Corpse Rot               Necr/Pois/Air  0%         N/A       99%         4
 Flame Wave               Conj/Fire      0%         2d4       99%         4
 Fulminant Prism          Conj/Hex       0%         3d6       99%         4
 Blade Hands              Tmut           0%         N/A       100%        5
 Irradiate                Conj/Tmut      0%         3d11      100%        5
 Metabolic Englaciation   Hex/Ice        0%         N/A       100%        5
 Dragon Form              Tmut           0%         N/A       100%        7
 Lehudib's Crystal Spear  Conj/Erth      0%         10d2      100%        8
 Simulacrum               Ice/Necr       Unusable   N/A       N/A         6

Dungeon Overview and Level Annotations

Branches:
Dungeon (11/15)            Temple (1/1) D:4            Lair (0/5) D:8
  Sewer (visited)
    Orc: D:9-12

Altars:
Ashenzari
Cheibriados
Elyvilon
Fedhas
Gozag
Hepliaklqana
Kikubaaqudgha
Makhleb
Nemelex Xobeh
Okawaru
Qazlal
Ru
Sif Muna
Uskayaw
Wu Jian
Xom
The Shining One


Innate Abilities, Weirdness & Mutations

((You are very nimble when in or above water. (Stealth+, EV+, Speed+++)))
Your lower body shifts to a powerful aquatic tail in water.


Message History

The slime creature hits you.
You puncture the slime creature! You burn the slime creature.
The slime creature is almost dead.
The slime creature closely misses you. The enormous slime creature hits you!!!
Ouch! That really hurt!
* * * LOW HITPOINT WARNING * * *
The slime creature hits you but does no damage.
You are too injured to fight recklessly!
You are too injured to fight recklessly!
You are too injured to fight recklessly!
You are too injured to fight recklessly!
You are too injured to fight recklessly!
You are too injured to fight recklessly!
You are too injured to fight recklessly!
You are too injured to fight recklessly!
You are too injured to fight recklessly!
You are too injured to fight recklessly!
You are too injured to fight recklessly!
You are too injured to fight recklessly!
You are too injured to fight recklessly!
You are too injured to fight recklessly!
You are too injured to fight recklessly!
Unknown command.
Two slime creatures merge to form a titanic slime creature.
There is an open door, spattered with blood here.
The slime creature attacks as you move away!
The slime creature completely misses you.
A titanic slime creature splits.
You puncture the slime creature! You burn the slime creature.
The slime creature is heavily wounded.
You hit the slime creature. You burn the slime creature.
The slime creature is severely wounded.
The slime creature hits you.
Two slime creatures merge to form a large slime creature.
You puncture the slime creature! You burn the slime creature.
You kill the slime creature!
Okawaru accepts your kill.
The very large slime creature attacks as you move away!
The very large slime creature hits you!!
You die...

......
.......#####.#
......
.............#
#####.
.............#
....#
########'#####
....# #J...# ....#
#....# )...# #....#
....##########
#J.###
.............###@.#
...###.......#....#
...# #.......#....#
...# #....>..#....#
...###.......#....#
.............#...##
...........#'#...#
...........#.....#
##.........#.....#


You could see a very large slime creature and a large slime creature.

Vanquished Creatures
  A boulder beetle (D:9)
  Erolcha (D:10)
  3 two-headed ogres
  Amaemon (D:9)
  Pikel (D:6)
  A cyclops (D:11)
  Psyche (D:10)
  An orange demon (D:9)
  Maggie (D:9)
  An unseen horror (D:11)
  A kobold demonologist (D:11)
  A troll (D:10)
  2 hornets
  A slime creature (D:11)
  3 wyverns
  A wraith (D:11)
  15 yaks
  2 basilisks (D:8)
  A steam dragon (D:8)
  Eustachio (D:4)
  3 vampire mosquitoes (D:11)
  2 acid dragons
  An ice beast (D:5)
  2 orc warriors
  A black bear (D:6)
  3 ogres
  2 centaurs
  3 kobold brigands
  2 bullfrogs
  3 scorpions
  2 gnoll sergeants
  6 killer bees (D:8)
  2 howler monkeys (D:8)
  2 jellies
  5 orc priests
  A gnoll bouda (D:9)
  5 hounds
  4 iguanas
  6 orc wizards
  9 adders
  14 gnolls
  3 river rats (Sewer)
  A shadow imp (D:6)
  2 white imps
  A worm (D:3)
  2 dart slugs (D:4)
  35 orcs
  11 ball pythons
  4 bats
  5 endoplasms
  3 giant cockroaches
  9 hobgoblins
  4 jackals
  7 quokkas
  4 frilled lizards
  5 goblins
  17 kobolds
  6 rats
237 creatures vanquished.

Notes
Turn   | Place    | Note
-------+----------+-------------------------------------------
     0 | D:1      | qeuew the Merfolk Gladiator began the quest for the Orb.
     0 | D:1      | Reached XP level 1. HP: 16/16 MP: 1/1
   231 | D:1      | Reached XP level 2. HP: 22/23 MP: 2/2
   374 | D:1      | Got Sif Muna's Vellum of Cold and Pestilence
   669 | D:1      | Got the Cyclopedia of the Stormy Salvo
   717 | D:2      | Reached XP level 3. HP: 28/28 MP: 3/3
   960 | D:2      | Found a faded altar of an unknown god.
  1244 | D:3      | Reached skill level 1 in Armour
  1302 | D:3      | Reached XP level 4. HP: 31/34 MP: 4/4
  1680 | D:3      | Found a glowing drain.
  1697 | Sewer    | Entered a sewer
  1714 | Sewer    | Reached XP level 5. HP: 19/41 MP: 5/5
  1934 | Sewer    | Noticed a kobold brigand
  1948 | Sewer    | Killed a kobold brigand
  1949 | Sewer    | Reached skill level 5 in Polearms
  1949 | Sewer    | Reached skill level 5 in Dodging
  1984 | Sewer    | Found a white marble altar of Elyvilon.
  2204 | D:4      | Reached XP level 6. HP: 24/47 MP: 6/6
  2630 | D:4      | Found a staircase to the Ecumenical Temple.
  2646 | Temple   | Entered the Ecumenical Temple
  2662 | Temple   | Became a worshipper of Warmaster Okawaru
  2804 | D:4      | Noticed Eustachio
  2819 | D:4      | Killed Eustachio
  2820 | D:4      | Reached XP level 7. HP: 52/54 MP: 7/7
  3385 | D:5      | Entered Level 5 of the Dungeon
  3385 | D:5      | Found a broken altar of Ashenzari.
  3738 | D:5      | Reached * piety under Okawaru
  3739 | D:5      | Reached XP level 8. HP: 61/61 MP: 8/8
  3799 | D:5      | Found a hazy altar of Hepliaklqana.
  3951 | D:6      | Reached skill level 5 in Fighting
  4320 | D:6      | Reached skill level 5 in Throwing
  4386 | D:6      | Found a sparkling altar of Nemelex Xobeh.
  4468 | D:6      | Noticed Pikel
  4485 | D:6      | Killed Pikel
  4485 | D:6      | Reached ** piety under Okawaru
  4486 | D:6      | Reached XP level 9. HP: 25/69 MP: 9/9
  5550 | D:7      | Noticed a hornet
  5558 | D:7      | Killed a hornet
  5767 | D:7      | Identified the +7 falchion "Vihuiboi" {freeze, rF++ Will+
                  | Dex+5}
  6199 | D:8      | Identified the +1 helmet of the Will of the Gods {Fly rF-
                  | Regen+ Int+5}
  6262 | D:8      | Reached *** piety under Okawaru
  6347 | D:8      | Found a burning altar of Makhleb.
  6436 | D:8      | Found a staircase to the Lair.
  6463 | D:8      | Reached XP level 10. HP: 62/79 MP: 10/10
  7158 | D:9      | Noticed a two-headed ogre
  7199 | D:8      | Reached **** piety under Okawaru
  7229 | D:8      | Killed a two-headed ogre
  7230 | D:8      | Reached skill level 5 in Armour
  7334 | D:9      | Reached skill level 10 in Polearms
  7334 | D:9      | Reached skill level 10 in Dodging
  7403 | D:9      | Noticed Maggie
  7418 | D:9      | Killed Maggie
  7461 | D:9      | Reached ***** piety under Okawaru
  7635 | D:9      | Noticed a boulder beetle
  7653 | D:9      | Killed a boulder beetle
  7654 | D:9      | Reached XP level 11. HP: 58/87 MP: 11/11
  7657 | D:9      | Found a shimmering altar of Xom.
  7808 | D:9      | Noticed Amaemon
  7828 | D:9      | Killed Amaemon
  7828 | D:9      | Received a gift from Okawaru
  7901 | D:9      | Found a glowing golden altar of the Shining One.
  8172 | D:10     | Entered Level 10 of the Dungeon
  8187 | D:10     | Noticed a two-headed ogre
  8194 | D:10     | Killed a two-headed ogre
  8194 | D:10     | Identified the +6 trident of the Beginning {flame, rElec
                  | Int+4} (Okawaru gifted it to you on level 10 of the
                  | Dungeon)
  8194 | D:10     | Received a gift from Okawaru
  8265 | D:10     | Found an ornate altar of the Wu Jian Council.
  8421 | D:10     | Identified the +5 sling of the Magi {freeze, Will+ SInv}
  8427 | D:10     | Found an opulent altar of Gozag.
  8427 | D:10     | Found a blossoming altar of Fedhas.
  8429 | D:10     | Found a snail-covered altar of Cheibriados.
  8431 | D:10     | Found a stormy altar of Qazlal.
  8475 | D:10     | Noticed a two-headed ogre
  8481 | D:10     | Killed a two-headed ogre
  8738 | D:10     | Noticed Erolcha
  8739 | D:10     | Noticed Psyche
  8755 | D:10     | Killed Psyche
  8760 | D:10     | Killed Erolcha
  8956 | D:11     | Noticed a cyclops
  8965 | D:11     | Killed a cyclops
  9030 | D:11     | Reached skill level 1 in Invocations
  9182 | D:11     | Received a gift from Okawaru
  9296 | D:11     | Reached XP level 12. HP: 96/96 MP: 13/13
  9324 | D:11     | Slain by a very large slime creature

Illustrated notes

Levels and vault maps discovered:
D:1:      sevenhm_arrival_forest_fort_small_4, layout_basic
D:2:      layout_rooms, hellmonk_ecumenical_altar_dog_temple
D:3:      layout_rooms, portal_sewer_entry_d
D:4:      kennysheep_big_flooded_room, layout_cave_pods,
          minmay_temple_entry_mini_moons, corner_web_ring, uniq_eustachio
D:5:      layout_rooms, nzn_hepliaklqana_mist_gate, ashenzari_altar_1
D:6:      layout_rooms, nemelex_altar_shiori, minmay_fractal_squares_diagonal_5,
          uniq_pikel
D:7:      layout_basic
D:8:      layout_loops_ring, makhleb_blood_cavern_becter, david_lair_generic
D:9:      layout_long_grid, mainiacjoe_overflow_catwalk_spiral,
          nzn_sisyphean_effort, uniq_amaemon, uniq_maggie
D:10:     layout_roguey, nzn_wu_jian_council_hall, grunt_temple_overflow_open,
          uniq_erolcha, uniq_psyche
D:11:     layout_stronghold
Temple:   chequers_temple_sunken

Skill      XL: |  1  2  3  4  5  6  7  8  9 10 11 |
---------------+----------------------------------+-----
Armour         | 1 2 3 4 5 6 |  6.4
Fighting       | 3 4 6 7 8 9 |  9.6
Polearms       | 5 6 7 9 10 11 | 11.7
Throwing       | 3 4 5 6 7 8 |  8.8
Dodging        | 5 6 7 9 10 11 | 11.7
Invocations    | 1 |  1.6

Action                   |  1- 3 |  4- 6 |  7- 9 | 10-12 || total
-------------------------+-------+-------+-------+-------++-------
Melee: Trident           |   127 |   136 |   296 |   411 ||   970
       Punch             |     2 |       |     5 |     6 ||    13
       Tailslap          |       |     3 |       |       ||     3
Throw: Throwing net      |       |       |       |     1 ||     1
Invok: Heroism           |       |       |     1 |       ||     1
  Use: Scroll            |     5 |     1 |     7 |     2 ||    15
       Potion            |     4 |     1 |     2 |     2 ||     9
 Stab: Sleeping          |     2 |       |       |     1 ||     3
       Distracted        |     1 |       |       |     1 ||     2
       Held in net/web   |       |       |       |     2 ||     2
Armor: Leather armour    |    25 |    21 |     1 |       ||    47
       Ring mail         |       |       |    48 |    85 ||   133
Dodge: Dodged            |    85 |   120 |   252 |   361 ||   818
